BR (22 & UNDER)
YELLOWKNIFE CLAWS @ SANTA CLARITA MUSIC
08/25/2028
 
TOP OF THE 1ST
Yellowknife Claws batting - Pitching for Santa Clarita Music : LHP Jorge Gatán
Pitching: LHP Jorge Gatán
Batting: RHB Sergio Ortíz 0-0: Swinging Strike
0-1: Swinging Strike
0-2: Hit by Pitch
Batting: RHB Preston Church 0-0: Ball
1-0: Called Strike
1-1: Called Strike
1-2: Strikes out swinging
Sergio Ortíz steals 2nd base
Batter strikes out.
Batting: RHB Rubén Palma 0-0: Ground out 4-3 (Groundball, 4)
Sergio Ortíz to third
Batting: SHB Júlio Ayala 0-0: Called Strike
0-1: Ground out 6-3 (Groundball, 6)
Top of the 1st over - 0 run(s), 0 hit(s), 0 error(s), 1 left on base; Yellowknife 0 - Santa Clarita 0
BOTTOM OF THE 1ST
Santa Clarita Music batting - Pitching for Yellowknife Claws : RHP Daniel Monares
Pitching: RHP Daniel Monares
Batting: RHB Luis Suárez 0-0: Foul Ball, location: 2F
0-1: Ball
1-1: Ball
2-1: Called Strike
2-2: Ball
3-2: Ground out 5-3 (Groundball, 25)
Batting: RHB Greg Grant 0-0: Swinging Strike
0-1: Ball
1-1: Ground out 5-3 (Groundball, 5)
Batting: RHB Rickey Núńez 0-0: Ball
1-0: Ball
2-0: Called Strike
2-1: Foul Ball, location: 2F
2-2: Foul Ball, location: 2F
2-2: Foul Ball, location: 2F
2-2: Strikes out looking
Bottom of the 1st over - 0 run(s), 0 hit(s), 0 error(s), 0 left on base; Yellowknife 0 - Santa Clarita 0
TOP OF THE 2ND
Yellowknife Claws batting - Pitching for Santa Clarita Music : LHP Jorge Gatán
Batting: RHB César García 0-0: Swinging Strike
0-1: Foul Ball, location: 2F
0-2: Ball
1-2: Foul Ball, location: 2F
1-2: Foul Ball, location: 2F
1-2: Ball
2-2: Ground out 6-3 (Groundball, 6)
Batting: RHB Noah Sturges 0-0: Foul Ball, location: 2F
0-1: Called Strike
0-2: Hit by Pitch
Batting: RHB Mario Díaz 0-0: Swinging Strike
0-1: Ball
1-1: Swinging Strike
1-2: Strikes out swinging
Batting: RHB Bob Bishop 0-0: Ball
Noah Sturges is caught stealing 2nd base
Top of the 2nd over - 0 run(s), 0 hit(s), 0 error(s), 0 left on base; Yellowknife 0 - Santa Clarita 0
BOTTOM OF THE 2ND
Santa Clarita Music batting - Pitching for Yellowknife Claws : RHP Daniel Monares
Batting: LHB Francisco Blanco 0-0: Called Strike
0-1: Called Strike
0-2: Foul Ball, location: 2F
0-2: Ball
1-2: Foul Ball, location: 2F
1-2: DOUBLE (Groundball, 3L)
Batting: SHB Stan Gómez 0-0: Fly out, F7 (Flyball, 7LS)
Batting: SHB Pedro Rodríguez 0-0: Ball
1-0: Foul Ball, location: 2F
1-1: Ball
2-1: Ball
3-1: Foul Ball, location: 2F
3-2: Ground out U3 (Groundball, 3)
Francisco Blanco to third
Batting: SHB Ramiro Medrano 0-0: Fly out, F7 (Flyball, 7)
Bottom of the 2nd over - 0 run(s), 1 hit(s), 0 error(s), 1 left on base; Yellowknife 0 - Santa Clarita 0
TOP OF THE 3RD
Yellowknife Claws batting - Pitching for Santa Clarita Music : LHP Jorge Gatán
Batting: RHB Bob Bishop 0-0: Ball
1-0: Ball
2-0: Ball
3-0: Called Strike
3-1: Called Strike
3-2: Foul Ball, location: 2F
3-2: Strikes out swinging
Batting: RHB Jeff Benson 0-0: Fly out, F4 (Line Drive, 4M)
Batting: RHB Sergio Ortíz 0-0: Called Strike
0-1: Called Strike
0-2: Foul Ball, location: 2F
0-2: Ball
1-2: Strikes out looking
Top of the 3rd over - 0 run(s), 0 hit(s), 0 error(s), 0 left on base; Yellowknife 0 - Santa Clarita 0
BOTTOM OF THE 3RD
Santa Clarita Music batting - Pitching for Yellowknife Claws : RHP Daniel Monares
Batting: RHB Tony Collier 0-0: Foul Ball, location: 2F
0-1: Ball
1-1: Called Strike
1-2: Strikes out swinging
Batting: RHB Adam Gentry 0-0: Called Strike
0-1: Ball
1-1: Ball
2-1: Ball
3-1: Swinging Strike
3-2: Strikes out swinging
Batting: RHB Luis Suárez 0-0: Called Strike
0-1: Ball
1-1: Foul Ball, location: 2F
1-2: Foul Ball, location: 2F
1-2: Ball
2-2: Ground out 5-3 (Groundball, 5)
Bottom of the 3rd over - 0 run(s), 0 hit(s), 0 error(s), 0 left on base; Yellowknife 0 - Santa Clarita 0
TOP OF THE 4TH
Yellowknife Claws batting - Pitching for Santa Clarita Music : LHP Jorge Gatán
Batting: RHB Preston Church 0-0: Ball
1-0: Swinging Strike
1-1: Swinging Strike
1-2: Foul Ball, location: 2F
1-2: Ball
2-2: Ball
3-2: Foul Ball, location: 2F
3-2: Ground out 5-3 (Groundball, 5L)
Batting: RHB Rubén Palma 0-0: Called Strike
0-1: Foul Ball, location: 2F
0-2: Strikes out swinging
Batting: SHB Júlio Ayala 0-0: Ball
1-0: Swinging Strike
1-1: Called Strike
1-2: Ball
2-2: Ball
3-2: Base on Balls
Batting: RHB César García 0-0: Ball
1-0: Called Strike
1-1: Foul Ball, location: 2F
1-2: Fly out, F9 (Line Drive, 9S)
Top of the 4th over - 0 run(s), 0 hit(s), 0 error(s), 1 left on base; Yellowknife 0 - Santa Clarita 0
BOTTOM OF THE 4TH
Santa Clarita Music batting - Pitching for Yellowknife Claws : RHP Daniel Monares
Batting: RHB Greg Grant 0-0: Ball
1-0: Swinging Strike
1-1: Foul Ball, location: 2F
1-2: Ball
2-2: Ball
3-2: Foul Ball, location: 2F
3-2: Ground out 1-3 (Groundball, 15S)
Batting: RHB Rickey Núńez 0-0: Ground out 6-3 (Groundball, 6)
Batting: LHB Francisco Blanco 0-0: Ball
1-0: Ball
2-0: Called Strike
2-1: Ball
3-1: Foul Ball, location: 2F
3-2: Foul Ball, location: 2F
3-2: Foul Ball, location: 2F
3-2: Base on Balls
Batting: SHB Stan Gómez 0-0: Ball
Francisco Blanco is caught stealing 2nd base
Bottom of the 4th over - 0 run(s), 0 hit(s), 0 error(s), 0 left on base; Yellowknife 0 - Santa Clarita 0
TOP OF THE 5TH
Yellowknife Claws batting - Pitching for Santa Clarita Music : LHP Jorge Gatán
Batting: RHB Noah Sturges 0-0: Foul Ball, location: 2F
0-1: Hit by Pitch
Batting: RHB Mario Díaz 0-0: SINGLE (Line Drive, 7LS)
Noah Sturges to second
Batting: RHB Bob Bishop 0-0: Fly out, F8 (Flyball, 8RM)
Batting: RHB Jeff Benson 0-0: Swinging Strike
0-1: Ball
1-1: Fly out, F8 (Flyball, 8RD)
Runner from 2nd tags up, SAFE at 3rd, no throw
Batting: RHB Sergio Ortíz 0-0: Fly out, F7 (Flyball, 78M)
Top of the 5th over - 0 run(s), 1 hit(s), 0 error(s), 2 left on base; Yellowknife 0 - Santa Clarita 0
BOTTOM OF THE 5TH
Santa Clarita Music batting - Pitching for Yellowknife Claws : RHP Daniel Monares
Batting: SHB Stan Gómez 0-0: Ball
1-0: Fly out, F8 (Flyball, 8LM)
Batting: SHB Pedro Rodríguez 0-0: Fly out, F7 (Flyball, 7)
Batting: SHB Ramiro Medrano 0-0: Called Strike
0-1: Foul Ball, location: 2F
0-2: Foul Ball, location: 2F
0-2: Foul Ball, location: 2F
0-2: Strikes out swinging
Bottom of the 5th over - 0 run(s), 0 hit(s), 0 error(s), 0 left on base; Yellowknife 0 - Santa Clarita 0
TOP OF THE 6TH
Yellowknife Claws batting - Pitching for Santa Clarita Music : LHP Jorge Gatán
Batting: RHB Preston Church 0-0: Ball
1-0: Foul Ball, location: 2F
1-1: Foul Ball, location: 2F
1-2: Foul Ball, location: 2F
1-2: SINGLE (Groundball, 6MD)
Batting: RHB Rubén Palma 0-0: Grounds into double play, 4-6-3 (Groundball, 4)
Batting: SHB Júlio Ayala 0-0: Ball
1-0: Fly out, F3 (Line Drive, 3)
Top of the 6th over - 0 run(s), 1 hit(s), 0 error(s), 0 left on base; Yellowknife 0 - Santa Clarita 0
BOTTOM OF THE 6TH
Santa Clarita Music batting - Pitching for Yellowknife Claws : RHP Daniel Monares
Batting: RHB Tony Collier 0-0: Foul Ball, location: 2F
0-1: Foul Ball, location: 2F
0-2: Ball
1-2: Fly out, F7 (Flyball, 7)
Batting: RHB Adam Gentry 0-0: Called Strike
0-1: Foul Ball, location: 2F
0-2: Strikes out looking
Batting: RHB Luis Suárez 0-0: Ball
1-0: Ball
2-0: Foul Ball, location: 2F
2-1: Ball
3-1: Fly out, F9 (Flyball, 9S)
Bottom of the 6th over - 0 run(s), 0 hit(s), 0 error(s), 0 left on base; Yellowknife 0 - Santa Clarita 0
TOP OF THE 7TH
Yellowknife Claws batting - Pitching for Santa Clarita Music : LHP Jorge Gatán
Batting: RHB César García 0-0: Called Strike
0-1: DOUBLE (Line Drive, 7LM)
Batting: RHB Noah Sturges 0-0: Intentional Walk
Pitching: LHP Ray Karl
Batting: RHB Mario Díaz 0-0: Called Strike
0-1: Ball
1-1: Swinging Strike
1-2: Fly out, F8 (Flyball, 8RD)
Batting: RHB Bob Bishop 0-0: Ball
1-0: Ball
2-0: Fly out, F7 (Flyball, 78M)
Pinch Hitting: SHB Armondo Goro 0-0: Called Strike
0-1: Called Strike
0-2: Ball
1-2: Strikes out swinging
Top of the 7th over - 0 run(s), 1 hit(s), 0 error(s), 2 left on base; Yellowknife 0 - Santa Clarita 0
BOTTOM OF THE 7TH
Santa Clarita Music batting - Pitching for Yellowknife Claws : RHP Daniel Monares
Pitching: RHP Juan Castro
Now in LF: Armondo Goro
Pinch Hitting: RHB António Martínez 0-0: Ball
1-0: Called Strike
1-1: Foul Ball, location: 2F
1-2: SINGLE (Groundball, 4MD)
Batting: RHB Rickey Núńez 0-0: Ball
1-0: Ball
2-0: Fly out, F8 (Flyball, 8LM)
Batting: LHB Francisco Blanco 0-0: Ball
1-0: Called Strike
1-1: Ball
2-1: Ball
3-1: Swinging Strike
3-2: Base on Balls
António Martínez to second
Batting: SHB Stan Gómez 0-0: Ball
1-0: Single, Error in OF, E8, batter to second base
António Martínez scores
Francisco Blanco to third
Pinch Hitting: LHB Ben Donaldson 0-0: Foul Ball, location: 2F
0-1: Called Strike
0-2: Ball
1-2: Strikes out looking
Batting: SHB Ramiro Medrano 0-0: Ball
1-0: Called Strike
1-1: TRIPLE (Flyball, 8RD)
Francisco Blanco scores
Stan Gómez scores
Pitching: RHP John Arnold
Batting: RHB Tony Collier 0-0: Ball
1-0: Ball
2-0: Ball
3-0: Called Strike
3-1: Called Strike
3-2: Fly out, F8 (Flyball, 8RXD)
Bottom of the 7th over - 3 run(s), 3 hit(s), 1 error(s), 1 left on base; Yellowknife 0 - Santa Clarita 3
TOP OF THE 8TH
Yellowknife Claws batting - Pitching for Santa Clarita Music : LHP Ray Karl
Now at SS: Sebastiăo Batissela
Now in LF: António Martínez
Batting: RHB Sergio Ortíz 0-0: Called Strike
0-1: Ball
1-1: Ground out 4-3 (Groundball, 4)
Batting: RHB Preston Church 0-0: Ball
1-0: Ball
2-0: Ground out 6-3 (Groundball, 6)
Batting: RHB Rubén Palma 0-0: Fly out, F9 (Line Drive, 89M)
Top of the 8th over - 0 run(s), 0 hit(s), 0 error(s), 0 left on base; Yellowknife 0 - Santa Clarita 3
BOTTOM OF THE 8TH
Santa Clarita Music batting - Pitching for Yellowknife Claws : RHP John Arnold
Batting: RHB Adam Gentry 0-0: Ball
1-0: Foul Ball, location: 2F
1-1: Ball
2-1: Ball
3-1: Fly out, F7 (Line Drive, 7)
Batting: RHB Luis Suárez 0-0: Foul Ball, location: 2F
0-1: Swinging Strike
0-2: Ball
1-2: Ball
2-2: Strikes out swinging
Batting: RHB António Martínez 0-0: DOUBLE (Line Drive, 89M)
Batting: RHB Rickey Núńez 0-0: SINGLE (Line Drive, 6D)
António Martínez to third
Runner from 3rd tries for Home, SAFE, no throw
Batting: LHB Francisco Blanco 0-0: Ball
1-0: Foul Ball, location: 2F
1-1: Foul Ball, location: 2F
1-2: Strikes out swinging
Bottom of the 8th over - 1 run(s), 2 hit(s), 0 error(s), 1 left on base; Yellowknife 0 - Santa Clarita 4
TOP OF THE 9TH
Yellowknife Claws batting - Pitching for Santa Clarita Music : LHP Ray Karl
Batting: SHB Júlio Ayala 0-0: Ball
1-0: Ball
2-0: Ground out 6-3 (Groundball, 6)
Batting: RHB César García 0-0: Ball
1-0: Fly out, F8 (Flyball, 8LM)
Batting: RHB Noah Sturges 0-0: Foul Ball, location: 2F
0-1: Foul Ball, location: 2F
0-2: Strikes out swinging
Top of the 9th over - 0 run(s), 0 hit(s), 0 error(s), 0 left on base; Yellowknife 0 - Santa Clarita 4
Tuesday, August 8th, 2017 - OOTP Baseball 17.12 Build 75